 Dungeon Crawl Stone Soup version 0.30-a0-965-g42e074c17a (webtiles) character file.

Game seed: 212803683994311836

55 DeathPants the Slasher (level 3, 0/18 HPs)
             Began as a Vine Stalker Gladiator on Mar 30, 2023.
             Succumbed to an adder's poison
             ... on level 2 of the Dungeon.
             The game lasted 00:04:38 (1204 turns).

DeathPants the Slasher (Vine Stalker Gladiator)     Turns: 1204, Time: 00:04:38

Health: 0/18       AC:  5    Str: 16    XL:     3   Next: 93%
Magic:  1/5        EV: 12    Int: 10    God:
Gold:   41         SH:  0    Dex: 15    Spells: 4/4 levels left

rFire   . . .      SeeInvis +    a - +1 long sword
rCold   . . .      Faith    .    (no shield)
rNeg    . . .      Spirit   +    b - +0 leather armour
rPois   .          Reflect  .    p - +2 hat
rElec   .          Rampage  .    (no cloak)
rCorr   .                        (no gloves)
Will    .....                    (no boots)
Stlth   +                        (no amulet)
HPRegen 0.23/turn                o - ring of see invisible
MPRegen 0.09/turn                (no ring)

@: brilliant, lethally poisoned (0 -> -1), hasted, very quick
A: fangs 2, magic shield, antimagic bite, no potion heal 2
a: no special abilities


You were on level 2 of the Dungeon.
You visited 1 branch of the dungeon, and saw 3 of its levels.

You collected 65 gold pieces.
You spent 24 gold pieces at shops.

Inventory:

Hand Weapons
 a - a +1 long sword (weapon)
Missiles
 d - 3 throwing nets (quivered)
 e - a javelin
Armour
 b - a +0 leather armour (worn)
 c - a +0 helmet
 p - a +2 hat (worn)
Jewellery
 o - a ring of see invisible (left hand)
Scrolls
 m - a scroll of teleportation
Potions
 f - 3 potions of flight
 i - a potion of magic
 n - a potion of mutation


   Skills:
 + Level 2.2 Fighting
 * Level 3.4 Long Blades
 - Level 1.7 Throwing
 + Level 2.7 Dodging
 + Level 1.2 Spellcasting


You had 4 spell levels left.
You didn't know any spells.
Your spell library was empty.

Dungeon Overview and Level Annotations

Branches:
Dungeon (3/15)

Altars:

Shops:
D:1 *


Innate Abilities, Weirdness & Mutations

You have extremely sharp teeth.
When hurt, damage is shared between your health and your magic reserves.
Your bite disrupts and absorbs the magic of your enemies.
Potions cannot restore your health.


Message History

The adder attacks as you move away! The adder bites you but does no damage.
It was a potion of haste.
You feel yourself speed up. The adder bites you but does no damage.
The adder barely misses you.
You closely miss the adder. The adder misses you.
You barely miss the adder. You bite the adder, but do no damage.
The adder bites you.
You are lethally poisoned!
The adder poisons you!
You closely miss the adder. You bite the adder. You drain its power.
You feel invigorated.
The adder is lightly wounded.
* * * LOW HITPOINT WARNING * * *
You feel sick. The adder closely misses you.
You miss the adder. You bite the adder, but do no damage.
The adder is lightly wounded.
It was a potion of brilliance.
You feel clever all of a sudden.
* * * LOW HITPOINT WARNING * * *
You feel sick. The adder bites you but does no damage.
Okay, then.
As you read the scroll labelled ZERPHE ONOAWOAS, it crumbles to dust.
It is a scroll of enchant weapon.
Your +0 long sword glows red for a moment.
* * * LOW HITPOINT WARNING * * *
You feel sick. The adder barely misses you.
As you read the scroll labelled AFREWE WOJITOT, it crumbles to dust.
You feel aware of your surroundings.
It was a scroll of magic mapping.
The adder closely misses you.
As you read the scroll labelled ENAINE MEYKHU, it crumbles to dust.
You hear a loud clanging noise!
It was a scroll of noise.
* * * LOW HITPOINT WARNING * * *
You feel sick. The adder bites you but does no damage.
You barely miss the adder. Your bite misses the adder.
The adder is lightly wounded.
* * * LOW HITPOINT WARNING * * *
You feel sick. The adder barely misses you.
You hit the adder. Your bite misses the adder.
The adder is moderately wounded.
You die...

##### #..### #.#########......
....## ###.## #.# ##......
.....###...# #.### ##.......
......##.### #...#####........
......##.# #####.......#######
......##.# #......######,,,,,*
......##.# #.###.## *,,,,.*
......##.######.###.## *,,...*
...........?....@Sg..######.....*
......#.##########.......)......*
......#.# ###.######.....*
>.....#.# #..# *,,...* ......#.#
##.### *,,,,.* .<....#.# #...#
*,,,,,, .....##.# ###.##***###.
....###.# #..####.... ##### #.#
##......#*,


You could see a gnoll and an adder.

Vanquished Creatures
  2 gnolls (D:2)
  4 ball pythons
  3 bats
  5 endoplasms
  3 giant cockroaches
  5 goblins
  2 hobgoblins (D:1)
  2 kobolds (D:1)
  A quokka (D:2)
  3 frilled lizards (D:2)
  4 rats
34 creatures vanquished.

Vanquished Creatures (others)
  A fungus (D:1)
  2 plants (D:1)
3 creatures vanquished.

Grand Total: 37 creatures vanquished

Notes
Turn   | Place    | Note
-------+----------+-------------------------------------------
     0 | D:1      | DeathPants the Vine Stalker Gladiator began the quest for
                  | the Orb.
     0 | D:1      | Reached XP level 1. HP: 11/11 MP: 2/2
   356 | D:1      | Reached XP level 2. HP: 15/15 MP: 3/3
   421 | D:1      | Reached skill level 3 in Long Blades
   436 | D:1      | Found Vukufak's General Store.
   465 | D:1      | Bought a scroll of identify for 24 gold pieces
   570 | D:1      | Found a faded altar of an unknown god.
   585 | D:1      | Reached XP level 3. HP: 16/18 MP: 3/5
   980 | D:2      | Reached skill level 1 in Spellcasting
  1204 | D:2      | Succumbed to an adder's poison

Illustrated notes

Levels and vault maps discovered:
D:1:      nicolae_arrival_somewhat_less_tricky_arrival, layout_basic,
          shapermc_ecumenical_altar_mp_urbaneastern, serial_shops,
          nicolae_shop_statue_plus, serial_corexii_hall,
          chequers_hall_statues_wall_a, corexii_hall_statues_t
D:2:      layout_rooms
D:3:      layout_rooms, biasface_ghost_orc_armoury, grunt_decor_one_mirror

Skill      XL: |  1  2  3 |
---------------+----------+-----
Fighting       | 2 |  2.2
Long Blades    | 3 |  3.4
Spellcasting   | 1 |  1.2
Throwing       | |  1.7
Dodging        | |  2.7

Action                     || total
---------------------------++-------
  Melee: Long sword        ||    90
         Bite              ||    12
    Use: Scroll            ||     9
         Potion            ||     2
 Armour: Leather armour    ||    30
  Dodge: Dodged            ||    71

Table legend: (Time is in decaauts)
 A = Elapsed time spent in this place.
 B = Non-inter-level travel time spent in this place.
 C = Inter-level travel time spent in this place.
 D = Time resting spent in this place.
 E = Time spent auto-exploring this place.
 F = Levels seen in this place.
 G = Mean time per level.
                   A        B        C        D        E       F      G
               +--------+--------+--------+--------+--------+-----+--------+
         Total |   1222 |   1190 |     32 |      0 |    830 |   3 |  407.3 |
       Dungeon |   1222 |   1190 |     32 |      0 |    830 |   3 |  407.3 |
               +--------+--------+--------+--------+--------+-----+--------+

Top non-repeatable levels by time:
     D:1: 889 daAuts
     D:2: 330 daAuts
     D:3: 1 daAuts
